[Event "International chess holiday M11"]
[Site "Praha"]
[Date "2016.07.17"]
[Round "1"]
[White "Gunther, Andreas"]
[Black "Novak, Jindrich"]
[Result "1-0"]
[ECO "C46"]
[WhiteElo "2108"]
[BlackElo "2146"]
[Annotator "Koller,Martin"]
[PlyCount "132"]
[TimeControl "240+2"]

{279MB} 1. d4 d6 2. e4 e5 3. Nf3 Nc6 4. Nc3 Be7 5. Be2 Bf6 6. d5 Nb8 7. Qd3 b6
8. a4 Nd7 9. a5 Nc5 10. Qe3 Bg4 11. b4 Nd7 12. O-O Ne7 13. Ne1 Bxe2 14. Nxe2
Ng6 15. Nd3 O-O 16. Ra3 h6 17. Qh3 bxa5 18. Rxa5 Nb6 19. Be3 Nc4 20. Ra6 Bg5
21. Rfa1 Bxe3 22. fxe3 Qg5 23. Rxa7 Rac8 24. Qg3 Qxe3+ 25. Qxe3 Nxe3 26. Ng3
Nh4 27. Ne1 f5 28. R1a3 f4 29. Nf1 Nd1 30. Rd3 Nb2 31. Rc3 Rf7 32. Ra2 Nd1 33.
Rd3 Ne3 34. Raa3 Nhxg2 35. Nxg2 Nxc2 36. Ra7 Nxb4 37. Rc3 c5 38. Rxf7 Kxf7 39.
Nh4 Ra8 40. Nf5 Ra6 41. Nd2 g6 42. Nxh6+ Ke7 43. Nc4 Ra2 44. Ng8+ Kf8 45. Nf6
Nc2 46. Ng4 Ke7 47. Rb3 Ra6 48. Rb7+ Kd8 49. Rb6 Rxb6 50. Nxb6 Na3 51. Kf2 Kc7
52. Na4 Nc4 53. Ke2 Nb6 54. Nb2 Kb7 55. Kd3 Ka6 56. Nc4 Nxc4 57. Kxc4 Ka5 58.
h3 Ka4 59. Nh2 Ka3 60. Kc3 Ka2 61. Nf3 Kb1 62. Kd3 Kc1 63. Nxe5 dxe5 64. d6 c4+
65. Ke2 c3 66. d7 c2 1-0

[Event "International chess holiday M11"]
[Site "Praha"]
[Date "2016.07.17"]
[Round "1"]
[White "Riedl, Maximilian"]
[Black "Hanl, Frantisek"]
[Result "1/2-1/2"]
[ECO "B13"]
[WhiteElo "2022"]
[BlackElo "2079"]
[Annotator "Koller,Martin"]
[PlyCount "87"]
[TimeControl "240+2"]

{279MB} 1. d4 c5 2. e3 cxd4 3. exd4 d5 4. Nf3 Nc6 5. c3 Nf6 6. Bd3 g6 7. O-O
Bg7 8. Nbd2 O-O 9. Re1 Nh5 10. Nf1 Qd6 11. Ng3 Nf4 12. Bc2 Qf6 13. Ne5 h5 14.
Nxc6 bxc6 15. Bxf4 Qxf4 16. Rxe7 h4 17. Nf1 Be6 18. Rb7 Bh6 19. Qf3 Qg5 20. Ne3
f5 21. h3 Rfe8 22. Rf1 Bc8 23. Rc7 Re6 24. Ba4 Qf6 25. Rxc6 Bxe3 26. fxe3 Bb7
27. Rxe6 Qxe6 28. c4 Qa6 29. Bb5 Qxa2 30. c5 Qxb2 31. Qe2 Qc3 32. Qd3 Qxd3 33.
Bxd3 Bc6 34. Ba6 Rb8 35. Ra1 Kf7 36. Be2 Rb7 37. Ra6 Rc7 38. Kf2 Bd7 39. Bf3
Be6 40. Rd6 Ke7 41. Bxd5 Bxd5 42. Rxd5 a5 43. Rd6 neèitelné 1/2-1/2

[Event "International chess holiday M11"]
[Site "Praha"]
[Date "2016.07.17"]
[Round "1"]
[White "Lakovic, Igor"]
[Black "Hartwig, Maik"]
[Result "1/2-1/2"]
[ECO "D91"]
[WhiteElo "1966"]
[BlackElo "2088"]
[Annotator "Koller,Martin"]
[PlyCount "64"]
[TimeControl "240+2"]

{279MB} 1. d4 g6 2. c4 Bg7 3. Nf3 Nf6 4. Nc3 d5 5. Bg5 c6 6. e3 O-O 7. Bd3 dxc4
8. Bxc4 Nbd7 9. O-O Nb6 10. Bb3 Bf5 11. Qe2 Ne4 12. Bh4 Rc8 13. Rfd1 h6 14.
Rac1 g5 15. Nxe4 Bxe4 16. Bg3 Bd5 17. Bxd5 Qxd5 18. b3 Qe6 19. Qc2 f5 20. Be5
Nd7 21. Bxg7 Kxg7 22. Qb2 g4 23. Ne1 Nf6 24. Nd3 b6 25. Rc2 Nd5 26. Rdc1 Rc7
27. b4 Rfc8 28. a4 Kh7 29. Ne5 Qd6 30. Rc4 c5 31. bxc5 bxc5 32. g3 e6 1/2-1/2

[Event "International chess holiday M11"]
[Site "Praha"]
[Date "2016.07.17"]
[Round "1"]
[White "Hentzgen, Thomas"]
[Black "Hadzala, Daniel"]
[Result "1-0"]
[ECO "A24"]
[WhiteElo "2061"]
[BlackElo "2076"]
[Annotator "Koller,Martin"]
[PlyCount "87"]
[TimeControl "240+2"]

{279MB} 1. c4 Nf6 2. g3 d6 3. Bg2 g6 4. Nc3 Bg7 5. d3 O-O 6. e4 e5 7. Nge2 c6
8. O-O a5 9. Rb1 Na6 10. h3 d5 11. exd5 cxd5 12. Nxd5 Nxd5 13. cxd5 Nb4 14. Qb3
Bf5 15. Rd1 Qe7 16. a3 Na6 17. Be3 Rab8 18. Qb5 Rfc8 19. Qxa5 Nc5 20. Bxc5 Rxc5
21. Qd2 h5 22. Rbc1 Rxc1 23. Rxc1 Kh7 24. Rc2 Qd7 25. Kh2 Qb5 26. Be4 Qd7 27.
Bxf5 Qxf5 28. Nc3 Bh6 29. Qe2 h4 30. Kg2 hxg3 31. fxg3 Rd8 32. Qf3 Qd7 33. Ne4
Bg7 34. d6 f5 35. Nf6+ Bxf6 36. Rc7 Bg7 37. Rxd7 Rxd7 38. Qd5 Bf8 39. Qb5 Rxd6
40. Qxb7+ Bg7 41. a4 Rxd3 42. a5 e4 43. a6 Rd2+ 44. Kf1 1-0

[Event "International chess holiday M11""]
[Site "Praha"]
[Date "2016.07.17"]
[Round "1"]
[White "Koper, Stefan"]
[Black "Koller, Martin"]
[Result "1/2-1/2"]
[ECO "E70"]
[WhiteElo "1925"]
[BlackElo "1970"]
[Annotator "Koller,Martin"]
[PlyCount "77"]
[TimeControl "240+2"]

{279MB} 1. d4 Nf6 2. c4 g6 3. Nc3 Bg7 4. e4 d6 5. Nge2 O-O 6. Ng3 e5 7. d5 a5
8. Be2 Na6 9. O-O Nd7 10. Be3 h5 11. Bd3 h4 12. Nge2 f5 13. exf5 gxf5 14. f4
Nf6 15. h3 e4 16. Bc2 Nh5 17. Rb1 Qe8 18. b3 Qg6 19. Nb5 Bd7 20. Ned4 Ng3 21.
Re1 Bh6 22. Qd2 Kh7 23. a3 Rg8 24. b4 axb4 25. axb4 Rg7 26. Qf2 Rag8 27. Bd1 c5
28. dxc6 bxc6 29. Nc3 c5 30. bxc5 Nxc5 31. Bc2 Nd3 32. Bxd3 exd3 33. Rb2 Qf7
34. Qf3 Qxc4 35. Nd5 Ne2+ 36. Rbxe2 dxe2 37. Nf6+ Kh8 38. Nxg8 Kxg8 39. Rxe2
1/2-1/2

[Event "International chess holiday K11"]
[Site "Praha"]
[Date "2016.07.17"]
[Round "1"]
[White "Hager, Eberhard"]
[Black "Koubova, Anna Marie"]
[Result "1/2-1/2"]
[ECO "B70"]
[WhiteElo "1810"]
[BlackElo "1779"]
[Annotator "Koller,Martin"]
[PlyCount "67"]
[TimeControl "240+2"]

{279MB} 1. e4 c5 2. Nf3 d6 3. d4 cxd4 4. Nxd4 Nf6 5. Nc3 g6 6.
Bb5+ Bd7 7. Bxd7+ Nbxd7 8. O-O Bg7 9. Kh1 O-O 10. Be3 Ne5 11. f3 d5 12. exd5
Nxd5 13. Nxd5 Qxd5 14. c3 Nc4 15. Qe2 Nxe3 16. Qxe3 Bxd4 17. cxd4 e6 18. b3
Rad8 19. Rfd1 Rd7 20. Rac1 Rfd8 21. f4 Qa5 22. Qf2 e5 23. fxe5 Qxe5 24. Qf3
Rxd4 25. Rxd4 Qxd4 26. Rf1 Rd7 27. h3 Qd5 28. Qe3 b6 29. Rc1 Rd8 30. Qe7 Qd7
31. Qe5 Re8 32. Qf4 Re7 33. Qb8+ Re8 34. Qf4 1/2-1/2

[Event "International chess holiday K11"]
[Site "Praha"]
[Date "2016.07.17"]
[Round "1"]
[White "Pokorny, Jan"]
[Black "Sittinger, Lutz"]
[Result "1/2-1/2"]
[ECO "E94"]
[WhiteElo "1845"]
[BlackElo "1877"]
[Annotator "Koller,Martin"]
[PlyCount "95"]
[TimeControl "240+2"]

{279MB} 1. d4 Nf6 2. Nf3 g6 3. c4 Bg7 4. Nc3 d6 5. e4 O-O 6. Be2 Nbd7 7. O-O e5
8. d5 Nb6 9. Bg5 h6 10. Be3 c6 11. dxc6 bxc6 12. c5 dxc5 13. Qxd8 Rxd8 14. Nxe5
Nxe4 15. Nxc6 Nxc3 16. bxc3 Re8 17. Bf3 Bf8 18. Na5 Rb8 19. Bf4 Ba6 20. Rfd1
Rbd8 21. Nc6 Rxd1+ 22. Rxd1 Bc4 23. h3 Bxa2 24. Ra1 Bd5 25. Rxa7 Bxf3 26. gxf3
Nd5 27. Be5 Re6 28. c4 Nb6 29. Rc7 Nxc4 30. Bg3 Kg7 31. Nd8 Re7 32. Nc6 Rxc7
33. Bxc7 Nd2 34. Ne5 f6 35. Ba5 Nb3 36. Nc4 Nxa5 37. Nxa5 Bd6 38. Kf1 Kf7 39.
Ke2 Ke6 40. Kd3 Kd5 41. Nc4 Be5 42. Ne3+ Kc6 43. Kc4 h5 44. Nd5 g5 45. Ne7+ Kd7
46. Nf5 Bd6 47. Kd5 Bf8 48. Ne3 1/2-1/2

[Event "International chess holiday K11"]
[Site "Praha"]
[Date "2016.07.17"]
[Round "1"]
[White "Vorisek, Jakub"]
[Black "Palla, Ivan"]
[Result "1-0"]
[ECO "B68"]
[WhiteElo "1830"]
[BlackElo "1536"]
[Annotator "Koller,Martin"]
[PlyCount "36"]
[TimeControl "240+2"]

{279MB} 1. e4 c5 2. Nf3 Nc6 3. d4 cxd4 4. Nxd4 Nf6 5. Nc3 e6 6. Bg5 Be7 7. f4
d6 8. Qd2 a6 9. O-O-O Qc7 10. Be2 Bd7 11. Bf3 h6 12. Bxf6 gxf6 13. Bh5 Rh7 14.
Rhe1 O-O-O 15. Nb3 Na5 16. Nxa5 Qxa5 17. Bf3 Bc6 18. Nd5 Bxd5 1-0

[Event "International chess holiday K11"]
[Site "Praha"]
[Date "2016.07.17"]
[Round "1"]
[White "Spindler, Markus"]
[Black "Veselsky, Jan"]
[Result "1-0"]
[ECO "B12"]
[WhiteElo "1985"]
[BlackElo "1653"]
[Annotator "Koller,Martin"]
[PlyCount "103"]
[TimeControl "240+2"]

{279MB} 1. e4 c6 2. d4 d5 3. e5 Bf5 4. h4 h5 5. Nf3 e6 6. Bd3 Bxd3 7. Qxd3 Qa5+
8. Bd2 Qa6 9. Nc3 Nh6 10. Ne2 c5 11. Qxa6 Nxa6 12. c3 Be7 13. O-O Nf5 14. g3
O-O 15. Rac1 Rac8 16. Kh2 Rc6 17. Rg1 Rfc8 18. Be3 cxd4 19. Nfxd4 Nxd4 20. Nxd4
Rc4 21. Nb5 Nc7 22. b3 Nxb5 23. bxc4 Rxc4 24. Bd4 Ba3 25. Rb1 a6 26. Rb3 Be7
27. Rd1 Kf8 28. Rd3 Bd8 29. f4 b6 30. Kg2 Ra4 31. Rd2 Na3 32. Bxb6 Bxb6 33.
Rxb6 Nc4 34. Rb8+ Ke7 35. Re2 Ra3 36. Rb7+ Ke8 37. Rb3 Ra5 38. Kf3 Rc5 39. g4
g6 40. gxh5 gxh5 41. Rg2 Kd7 42. Ke2 Ra5 43. Kd3 Kc6 44. Rb8 Na3 45. Rc8+ Kd7
46. Rf8 Ke7 47. Rb8 Kd7 48. Rb7+ Kc6 49. Rxf7 Nb5 50. Rg6 Nc7 51. Rgg7 Ne8 52.
Rg8 1-0

[Event "International chess holiday K11"]
[Site "Praha"]
[Date "2016.07.17"]
[Round "1"]
[White "Mejzl, Jan"]
[Black "Degenhardt, Andreas"]
[Result "1-0"]
[ECO "B17"]
[WhiteElo "1853"]
[BlackElo "1810"]
[Annotator "Koller,Martin"]
[PlyCount "46"]
[TimeControl "240+2"]

{279MB} 1. e4 c6 2. d4 d5 3. Nd2 dxe4 4. Nxe4 Nd7 5. Bc4 Ngf6 6. Ng5 e6 7. Qe2
Nb6 8. Bb3 h6 9. N5f3 Be7 10. h4 Qc7 11. Ne5 O-O 12. Rh3 Kh8 13. g4 Nfd5 14. c4
Bb4+ 15. Kf1 Ne7 16. a3 Ba5 17. g5 f6 18. gxh6 g6 19. Bf4 Qd8 20. Rg3 Kh7 21.
Bc2 fxe5 22. Qxe5 Rg8 23. Qxa5 Qxd4 1-0

[Event "International chess holiday M11"]
[Site "Praha"]
[Date "2016.07.17"]
[Round "2"]
[White "Koller, Martin"]
[Black "Lakovic, Igor"]
[Result "1/2-1/2"]
[ECO "E36"]
[WhiteElo "1970"]
[BlackElo "1966"]
[Annotator "Koller,Martin"]
[PlyCount "61"]
[TimeControl "240+2"]

{279MB} 1. d4 Nf6 2. c4 e6 3. Nc3 Bb4 4. Qc2 O-O 5. a3 Bxc3+ 6. Qxc3 d5 7. Nf3
dxc4 8. Qxc4 b6 9. Bf4 Nd5 10. Bg3 Ba6 11. Qc2 Nd7 12. e4 Bxf1 13. Rxf1 N5f6
14. O-O-O Qc8 15. Kb1 Qb7 16. Rfe1 c5 17. Ne5 cxd4 18. Rxd4 Rac8 19. Rc4 b5 20.
Rxc8 Rxc8 21. Qd2 Nc5 22. f3 Nb3 23. Qb4 Nc5 24. Rc1 a5 25. Qd4 Nb3 26. Rxc8+
Qxc8 27. Qa7 a4 28. Qxf7+ Kh8 29. Ka2 Nc1+ 30. Kb1 Nb3 31. Ka2 1/2-1/2

[Event "International chess holiday M11"]
[Site "Praha"]
[Date "2016.07.17"]
[Round "2"]
[White "Novak, Jindrich"]
[Black "Hadzala, Daniel"]
[Result "1-0"]
[ECO "A49"]
[WhiteElo "2146"]
[BlackElo "2076"]
[Annotator "Koller,Martin"]
[PlyCount "87"]
[TimeControl "240+2"]

{279MB} 1. d4 g6 2. Nf3 Bg7 3. g3 d6 4. Bg2 Nf6 5. O-O O-O 6. Re1 Nbd7 7. b3 c5
8. Bb2 cxd4 9. Bxd4 Qc7 10. Nbd2 a6 11. Ng5 Rb8 12. Nde4 b5 13. h4 Bb7 14.
Nxf6+ Nxf6 15. Bxb7 Qxb7 16. a4 b4 17. Rc1 Rfc8 18. Ba1 h6 19. Nh3 Ne4 20. Bxg7
Kxg7 21. Nf4 Rc5 22. Qd4+ e5 23. Qb2 Rc3 24. Ng2 Qa7 25. e3 Qd7 26. Rcd1 Rbc8
27. Re2 Qg4 28. Rde1 g5 29. Qb1 gxh4 30. Nxh4 Qh3 31. Qd1 R8c5 32. f3 Nf6 33.
Rh2 Qc8 34. e4 d5 35. Nf5+ Kf8 36. Rxh6 Ng8 37. Rh8 Qe6 38. Qd2 Qg6 39. Rxg8+
Qxg8 40. Qh6+ Ke8 41. Qd6 Qg5 42. Qxe5+ Kf8 43. exd5 Qd8 44. Qh8# 1-0

[Event "International chess holiday M11"]
[Site "Praha"]
[Date "2016.07.17"]
[Round "2"]
[White "Hanl, Frantisek"]
[Black "Koper, Stefan"]
[Result "1-0"]
[ECO "B07"]
[WhiteElo "2079"]
[BlackElo "1925"]
[Annotator "Koller,Martin"]
[PlyCount "43"]
[TimeControl "240+2"]

{279MB} 1. e4 g6 2. d4 Bg7 3. Nc3 d6 4. Be2 Nf6 5. h4 h5 6. Nf3 c6 7. Bg5 Ng4
8. Qd2 b5 9. a3 a6 10. Nh2 Nxh2 11. Rxh2 Qc7 12. O-O-O Nd7 13. Rhh1 Nb6 14. Be3
Bd7 15. Rhe1 d5 16. Bf4 Qc8 17. Bf3 e6 18. exd5 cxd5 19. Bxd5 Nxd5 20. Nxd5 Ra7
21. Kb1 O-O 22. Ne7+ 1-0

[Event "International chess holiday M11"]
[Site "Praha"]
[Date "2016.07.17"]
[Round "2"]
[White "Gunther, Andreas"]
[Black "Riedl, Maximilian"]
[Result "1-0"]
[ECO "D05"]
[WhiteElo "2108"]
[BlackElo "2022"]
[Annotator "Koller,Martin"]
[PlyCount "47"]
[TimeControl "240+2"]

{279MB} 1. d4 d5 2. Nf3 Nf6 3. e3 e6 4. Bd3 c5 5. b3 Be7 6. O-O Nbd7 7. Bb2 b6
8. Nbd2 Bb7 9. Ne5 Nxe5 10. dxe5 Nd7 11. f4 Qc7 12. Qe2 O-O-O 13. a4 a5 14. c4
f5 15. cxd5 Bxd5 16. e4 fxe4 17. Bxe4 Nb8 18. f5 Qc6 19. f6 gxf6 20. exf6 Bd6
21. f7 e5 22. Bxd5 Qxd5 23. Nc4 Bc7 24. Rad1 1-0

[Event "International chess holiday K11"]
[Site "Praha"]
[Date "2016.07.17"]
[Round "2"]
[White "Spindler, Markus"]
[Black "Pokorny, Jan"]
[Result "1-0"]
[ECO "B07"]
[WhiteElo "1985"]
[BlackElo "1845"]
[Annotator "Koller,Martin"]
[PlyCount "48"]
[TimeControl "240+2"]

{279MB} 1. e4 d6 2. d4 Nf6 3. Bd3 e5 4. c3 Be7 5. Nf3 Nbd7 6. O-O O-O 7. Nbd2
c5 8. d5 a6 9. a4 b6 10. Nc4 Re8 11. h3 Rb8 12. Be3 b5 13. axb5 axb5 14. Na5
Ra8 15. Nc6 Rxa1 16. Qxa1 Qb6 17. Qa7 Qxa7 18. Nxa7 c4 19. Bc2 Bb7 20. Nxb5 Rc8
21. Ra1 Nc5 22. Ra7 Nfd7 23. Nd2 Ra8 24. Rxa8+ Bxa8 1-0

[Event "International chess holiday K11"]
[Site "Praha"]
[Date "2016.07.17"]
[Round "2"]
[White "Degenhardt, Andreas"]
[Black "Vorisek, Jakub"]
[Result "1/2-1/2"]
[ECO "D02"]
[WhiteElo "1810"]
[BlackElo "1830"]
[Annotator "Koller,Martin"]
[PlyCount "47"]
[TimeControl "240+2"]

{279MB} 1. d4 d5 2. Nf3 Bg4 3. Nbd2 Bxf3 4. Nxf3 e6 5. e3 c5 6. b3 Nc6 7. Bb2
Nf6 8. a3 Be7 9. Bd3 O-O 10. O-O b6 11. Qe2 Qc7 12. Ne5 Nxe5 13. dxe5 Nd7 14.
f4 f6 15. Qh5 f5 16. c4 dxc4 17. Bxc4 Qc6 18. a4 Rac8 19. Rf3 g6 20. Rg3 Rf7
21. Qe2 Nf8 22. Bb5 Qd5 23. Bc4 Qc6 24. Bb5 1/2-1/2

[Event "International chess holiday K11"]
[Site "Praha"]
[Date "2016.07.17"]
[Round "2"]
[White "Koubova, Anna Marie"]
[Black "Mejzr, Jan"]
[Result "1-0"]
[ECO "E60"]
[WhiteElo "1779"]
[BlackElo "1853"]
[Annotator "Koller,Martin"]
[PlyCount "77"]
[TimeControl "240+2"]

{279MB} 1. d4 Nf6 2. g3 g6 3. Bg2 Bg7 4. c4 c5 5. d5 d6 6. Nf3 b5 7. cxb5 Qa5+
8. Nc3 Ne4 9. Bd2 Nxc3 10. bxc3 Bxc3 11. Rb1 Bf5 12. Rb3 Bxd2+ 13. Qxd2 Qxd2+
14. Nxd2 Bc8 15. Nc4 Nd7 16. Kd2 O-O 17. Kc3 Nb6 18. Ra3 Bb7 19. e4 Nxc4 20.
Kxc4 a6 21. b6 Rfb8 22. Rb1 Bc8 23. Rab3 Bb7 24. Bh3 Rd8 25. f4 Kf8 26. R3b2
Rab8 27. Bg4 Ra8 28. Bd1 Rab8 29. Ba4 e6 30. Bc6 Ke7 31. a4 Rdc8 32. Bxb7 Rxb7
33. a5 Kd7 34. Rd2 exd5+ 35. Rxd5 Kc6 36. Rbd1 Re7 37. Rxd6+ Kb7 38. Rd7+ Rxd7
39. Rxd7+ 1-0

[Event "International chess holiday K11"]
[Site "Praha"]
[Date "2016.07.17"]
[Round "3"]
[White "Sittinger, Lutz"]
[Black "Hager, Eberhard"]
[Result "1/2-1/2"]
[ECO "B07"]
[WhiteElo "1877"]
[BlackElo "1778"]
[Annotator "Koller,Martin"]
[PlyCount "60"]
[TimeControl "240+2"]

{279MB} 1. e4 d6 2. d4 Nf6 3. Nc3 c6 4. Nf3 Bg4 5. Be2 e6 6. O-O Be7 7. Be3 O-O
8. h3 Bh5 9. Re1 Re8 10. Nd2 Bxe2 11. Qxe2 e5 12. dxe5 dxe5 13. a3 Nbd7 14.
Rad1 Qc7 15. Nf1 b6 16. Ng3 g6 17. Rd2 Rad8 18. Red1 Nf8 19. Qc4 Qb7 20. f4
exf4 21. Bxf4 Rxd2 22. Rxd2 b5 23. Qb3 Bd8 24. Bg5 Ne6 25. Bh6 Bc7 26. Nge2
Qb6+ 27. Kf1 a6 28. a4 Qc5 29. axb5 axb5 30. Qa2 Nf8 1/2-1/2

[Event "International chess holiday K11"]
[Site "Praha"]
[Date "2016.07.18"]
[Round "2"]
[White "Veselsky, Jan"]
[Black "Palla, Ivan"]
[Result "1/2-1/2"]
[ECO "A90"]
[WhiteElo "1653"]
[BlackElo "1536"]
[Annotator "Koller,Martin"]
[PlyCount "56"]
[TimeControl "240+2"]

{279MB} 1. d4 f5 2. g3 Nf6 3. Bg2 e6 4. c4 c6 5. Nf3 Bb4+ 6. Bd2 Bxd2+ 7. Qxd2
Ne4 8. Qc2 Na6 9. Nc3 Qa5 10. O-O Nxc3 11. bxc3 O-O 12. Rab1 d6 13. Nd2 Qd8 14.
f3 Qg5 15. e4 f4 16. gxf4 Rxf4 17. Rf2 h5 18. Kh1 Nc7 19. e5 d5 20. Rg1 Qf5 21.
Qxf5 exf5 22. Bf1 Ne6 23. cxd5 cxd5 24. Rfg2 Bd7 25. Be2 Rc8 26. Nb3 b6 27. Rc1
Kh7 28. Rg3 Ba4 1/2-1/2

[Event "International chess holiday M11"]
[Site "Praha"]
[Date "2016.07.18"]
[Round "3"]
[White "Hadzala, Daniel"]
[Black "Hartwig, Maik"]
[Result "0-1"]
[ECO "A08"]
[WhiteElo "2076"]
[BlackElo "2088"]
[Annotator "Koller,Martin"]
[PlyCount "38"]
[TimeControl "240+2"]

{279MB} 1. Nf3 g6 2. g3 Bg7 3. Bg2 Nf6 4. O-O O-O 5. c3 c5 6. d3 d5 7. Nbd2 Nc6
8. Qc2 e5 9. e4 h6 10. Re1 Be6 11. exd5 Nxd5 12. Nc4 Qc7 13. a4 Rad8 14. Bd2
Rfe8 15. Rad1 a6 16. a5 Kh7 17. Bc1 Bg4 18. Qa4 Qd7 19. Ne3 Bxf3 0-1

[Event "International chess holiday M11"]
[Site "Praha"]
[Date "2016.07.18"]
[Round "3"]
[White "Hentzgen, Thomas"]
[Black "Koller, Martin"]
[Result "1/2-1/2"]
[ECO "E97"]
[WhiteElo "2003"]
[BlackElo "1970"]
[Annotator "Koller,Martin"]
[PlyCount "111"]
[TimeControl "240+2"]

{279MB} 1. d4 Nf6 2. c4 g6 3. Nc3 Bg7 4. e4 d6 5. Be2 O-O 6.
Nf3 e5 7. O-O Nc6 8. d5 Ne7 9. Qc2 Nd7 10. Rd1 h6 11. Ne1 f5 12. f3 Nf6 13. Nd3
f4 14. a4 g5 15. Bd2 Ng6 16. Be1 h5 17. a5 g4 18. c5 Rf7 19. cxd6 cxd6 20. Nb5
Ne8 21. Rdc1 Bf8 22. Kh1 Rg7 23. Nb4 Nh4 24. fxg4 hxg4 25. g3 Nf3 26. Bxf3 gxf3
27. Ra3 Qg5 28. Rxf3 Bg4 29. Rc3 Nf6 30. Nc7 Rc8 31. Ne6 Bxe6 32. dxe6 Rxc3 33.
Qxc3 fxg3 34. Bxg3 Nxe4 35. Qc4 Nxg3+ 36. hxg3 d5 37. Nxd5 Qxg3 38. Nf6+ Kh8
39. Qe2 Rg6 40. Rf1 Rh6+ 41. Nh5 Qh4+ 42. Qh2 Qxh2+ 43. Kxh2 Rxh5+ 44. Kg3 Kg8
45. Kg4 Rh2 46. Rf7 Rxb2 47. Rd7 e4 48. e7 Bxe7 49. Rxe7 Rb5 50. Kf4 Kf8 51.
Rh7 Ke8 52. a6 Kd8 53. Rxb7 Rxb7 54. axb7 Kc7 55. b8=Q+ Kxb8 56. Kxe4 1/2-1/2

[Event "International chess holiday M11"]
[Site "Praha"]
[Date "2016.07.18"]
[Round "3"]
[White "Riedl, Maximilian"]
[Black "Novak, Jindrich"]
[Result "0-1"]
[ECO "C41"]
[WhiteElo "2022"]
[BlackElo "2146"]
[Annotator "Koller,Martin"]
[PlyCount "106"]
[TimeControl "240+2"]

{279MB} 1. Nf3 Nc6 2. e4 d6 3. d4 e5 4. dxe5 Nxe5 5. Nxe5 dxe5 6. Qxd8+ Kxd8 7.
Bc4 Be6 8. Bxe6 fxe6 9. Bg5+ Nf6 10. Nc3 Bd6 11. O-O-O Ke7 12. Nb5 a6 13. Nxd6
cxd6 14. f3 Rac8 15. Rd3 Rc6 16. Rhd1 Rhc8 17. c3 b5 18. Kb1 a5 19. h3 h6 20.
Bxf6+ gxf6 21. R3d2 b4 22. cxb4 axb4 23. b3 f5 24. Re1 Kf6 25. Rdd1 Rd8 26. Kb2
fxe4 27. fxe4 Ke7 28. a3 bxa3+ 29. Kxa3 Rb8 30. Rd3 Ra6+ 31. Kb2 Rb4 32. Rde3
Rab6 33. Ra1 Rb7 34. Ra8 Rb8 35. Ra7+ R4b7 36. Rxb7+ Rxb7 37. Kc3 Rc7+ 38. Kd2
Ra7 39. g4 Ra2+ 40. Kc3 Rf2 41. Kb4 Kf6 42. Kb5 d5 43. exd5 exd5 44. Kc5 Ke6
45. b4 Rc2+ 46. Kb6 d4 47. Rg3 Rc3 48. Rg2 Rxh3 49. g5 hxg5 50. Rxg5 Rc3 51. b5
d3 52. Rg8 e4 53. Kb7 d2 0-1

[Event "International chess holiday M11"]
[Site "Praha"]
[Date "2016.07.18"]
[Round "3"]
[White "Koper, Stefan"]
[Black "Gunther, Andreas"]
[Result "0-1"]
[ECO "A80"]
[WhiteElo "1925"]
[BlackElo "2108"]
[Annotator "Koller,Martin"]
[PlyCount "108"]
[TimeControl "240+2"]

{279MB} 1. d4 f5 2. h3 d5 3. c3 Nf6 4. Bf4 e6 5. e3 Bd6 6. Na3 O-O 7. Nc2 b6 8.
Nf3 c5 9. Ne5 Qc7 10. Bh2 Nc6 11. f4 c4 12. Be2 b5 13. O-O Rb8 14. Nxc6 Qxc6
15. a3 a5 16. Ne1 Rf7 17. Nf3 Ra7 18. Ne5 Qb7 19. Bf3 Rba8 20. Bg3 Bd7 21. Bh4
Be8 22. g4 Qc8 23. gxf5 exf5 24. Bxf6 gxf6 25. Bxd5+ Kh8 26. Bxa8 Qxa8 27. Nf3
Bh5 28. d5 Bc5 29. Qd2 Qe8 30. Nd4 Qe4 31. Kh2 Qxd5 32. Qg2 Qd7 33. Rg1 Bg6 34.
Rad1 Ra6 35. Qf3 a4 36. Rd2 Rd6 37. Rdg2 Qe8 38. Rg3 Bxd4 39. cxd4 Re6 40. Qf2
Re4 41. Qd2 Qd7 42. Qb4 Kg7 43. Qc5 Kf7 44. h4 Ke6 45. Qb6+ Kd5 46. Qxf6 Qe7
47. Qxe7 Rxe7 48. Kg2 Ke4 49. Kf2 Kd3 50. Rc1 Bh5 51. Rc3+ Kd2 52. Rg1 Be2 neèitelné 0-1

[Event "International chess holiday M11"]
[Site "Praha"]
[Date "2016.07.18"]
[Round "3"]
[White "Mejzr, Jan"]
[Black "Sittinger, Lutz"]
[Result "1/2-1/2"]
[ECO "C45"]
[WhiteElo "1853"]
[BlackElo "1877"]
[Annotator "Koller,Martin"]
[PlyCount "59"]
[TimeControl "240+2"]

{279MB} 1. e4 e5 2. Nf3 Nc6 3. d4 exd4 4. Nxd4 Bc5 5. Be3 Qf6
6. c3 Nge7 7. g3 Bb6 8. Bg2 d6 9. f4 O-O 10. O-O Bd7 11. Na3 a6 12. Nac2 g6 13.
Qd2 Nxd4 14. cxd4 Bb5 15. Rf2 c5 16. a4 cxd4 17. Nxd4 Bd7 18. f5 Rfe8 19. fxg6
Qxg6 20. Nc2 Bxe3 21. Nxe3 Bc6 22. Raf1 Rf8 23. Rf4 Qg7 24. Qxd6 Ng6 25. Rf6
Rad8 26. Qb4 Qh6 27. Nf5 Qd2 28. Qxd2 Rxd2 29. Nh6+ Kg7 30. Rxf7+ 1/2-1/2

[Event "International chess holiday K11"]
[Site "Praha"]
[Date "2016.07.18"]
[Round "3"]
[White "Hager, Eberhard"]
[Black "Spindler, Markus"]
[Result "0-1"]
[ECO "C68"]
[WhiteElo "1778"]
[BlackElo "1985"]
[Annotator "Koller,Martin"]
[PlyCount "104"]
[TimeControl "240+2"]

{279MB} 1. e4 e5 2. Nf3 Nc6 3. Bb5 a6 4. Bxc6 dxc6 5. O-O Bg4 6. h3 Bxf3 7.
Qxf3 Nf6 8. d3 h6 9. Nd2 Bd6 10. Nc4 Qe7 11. Bd2 O-O-O 12. a3 Nd7 13. Nxd6+
cxd6 14. c4 g5 15. b4 Rdg8 16. Qe3 h5 17. g3 Qe6 18. Kg2 f5 19. exf5 Qxf5 20.
Bc3 Rf8 21. d4 g4 22. h4 Qf3+ 23. Kg1 Nb6 24. dxe5 Nxc4 25. Qe1 Re8 26. e6 Rh6
27. e7 Kd7 28. Qc1 Re6 29. Bd4 Ne5 30. a4 R8xe7 31. b5 Qd5 32. bxc6+ Qxc6 33.
Qxc6+ Nxc6 34. Be3 Ne5 35. Rab1 Nf3+ 36. Kh1 Kc8 37. Rfd1 Rd7 38. Rd5 Re5 39.
Rd3 Re4 40. a5 Kd8 41. Bf4 d5 42. Rc3 d4 43. Rd3 Re2 44. Kg2 Ra2 45. Bg5+ Nxg5
46. hxg5 Rxa5 47. f4 gxf3+ 48. Rxf3 Rxg5 49. Rf8+ Ke7 50. Rbf1 d3 51. R1f6 d2
52. R8f7+ Kd8 0-1

[Event "International chess holiday K11"]
[Site "Praha"]
[Date "2016.07.18"]
[Round "3"]
[White "Vorisek, Jakub"]
[Black "Koubova, Anna Marie"]
[Result "1/2-1/2"]
[ECO "B73"]
[WhiteElo "1830"]
[BlackElo "1779"]
[Annotator "Koller,Martin"]
[PlyCount "77"]
[TimeControl "240+2"]

{279MB} 1. e4 c5 2. Nf3 d6 3. d4 cxd4 4. Nxd4 Nf6 5. Nc3 g6 6. Be3 Bg7 7. Be2
O-O 8. O-O Nc6 9. Qd2 Ng4 10. Bxg4 Bxg4 11. h3 Bd7 12. Rad1 Ne5 13. b3 Nc6 14.
Nce2 Kh8 15. c4 a5 16. Nc2 a4 17. b4 Ne5 18. Na3 Be6 19. Rc1 Rc8 20. Bd4 Kg8
21. Bxe5 Bxe5 22. Nd4 Bd7 23. f4 Bg7 24. Kh1 Qb6 25. Nf3 Bc6 26. Rfe1 Rfd8 27.
Nc2 e6 28. Ncd4 Bd7 29. a3 e5 30. Ne2 Be6 31. Qd3 Qc6 32. Nd2 Bh6 33. Rf1 Qc7
34. Qf3 exf4 35. Nxf4 Qe7 36. Rfd1 Qf6 37. Nxe6 Qxe6 38. Qd3 Re8 39. Re1
1/2-1/2

[Event "International chess holiday K11"]
[Site "Praha"]
[Date "2016.07.18"]
[Round "3"]
[White "Pokorny, Jan"]
[Black "Veselsky, Jan"]
[Result "1/2-1/2"]
[ECO "D94"]
[WhiteElo "1845"]
[BlackElo "1653"]
[Annotator "Koller,Martin"]
[PlyCount "37"]
[TimeControl "240+2"]

{279MB} 1. d4 Nf6 2. c4 g6 3. Nc3 d5 4. e3 Bg7 5. Nf3 O-O 6. Bd2 c5 7. cxd5
Nxd5 8. dxc5 Nxc3 9. bxc3 Qc7 10. Be2 Rd8 11. Qc2 Nd7 12. O-O Nxc5 13. Nd4 a6
14. Rfd1 e5 15. Nb3 Be6 16. e4 Rac8 17. Nxc5 Qxc5 18. Be3 Qc7 19. a4 1/2-1/2

[Event "International chess holiday K11"]
[Site "Praha"]
[Date "2016.07.18"]
[Round "3"]
[White "Palla, Ivan"]
[Black "Degenhardt, Andreas"]
[Result "1-0"]
[ECO "A09"]
[WhiteElo "1536"]
[BlackElo "1810"]
[Annotator "Koller,Martin"]
[PlyCount "45"]
[TimeControl "240+2"]

{279MB} 1. Nf3 d5 2. c4 dxc4 3. Na3 e5 4. Nxe5 Bxa3 5. Qa4+ b5 6. Qxa3 Qd6 7.
Qf3 Qxe5 8. Qxa8 c6 9. Qxa7 Ne7 10. Qe3 Qf6 11. Qc3 Qg6 12. Qg3 Na6 13. a3 Nc5
14. Qxg6 Nxg6 15. d3 Nb3 16. Rb1 cxd3 17. exd3 Bf5 18. Be3 O-O 19. Rd1 Rd8 20.
Be2 Rd6 21. g4 Be6 22. Rg1 Bd5 23. Rg3 1-0